 Dungeon Crawl Stone Soup version 0.20.0-9-g8272e65 (webtiles) character file.

204 RKaid the Skirmisher (level 5, 0/46 HPs)
             Began as a Ghoul Wizard on June 3, 2017.
             Was an Initiate of Makhleb.
             Killed from afar by an orc wizard (4 damage)
             ... with a magic dart
             ... on level 4 of the Dungeon.
             The game lasted 00:06:34 (3250 turns).

RKaid the Skirmisher (Ghoul Wizard)                 Turns: 3250, Time: 00:06:35

Health: 0/46       AC:  8    Str: 12    XL:     5   Next: 82%
Magic:  8/8        EV:  5    Int: 13    God:    Makhleb [......]
Gold:   171        SH:  0    Dex:  7    Spells: 8/9 levels left

rFire    . . .     SeeInvis .     - Unarmed
rCold    + . .     Gourm    .   (no shield)
rNeg     + + +     Faith    .   r - +0 chain mail
rPois    ∞         Spirit   .   b - +0 hat
rElec    .         Reflect  .   (no cloak)
rCorr    .         Harm     .   (no gloves)
MR       .....                  (no boots)
Stlth    ..........             (no amulet)
Regen    0.0/turn               (no ring)
MPRegen  0.2/turn               (no ring)

@: rotting
A: rotting body, claws 1, carnivore 3, cold resistance 1, negative energy
resistance 3, inhibited regeneration, torment resistance, unbreathing
a: Renounce Religion


You were on level 4 of the Dungeon.
You worshipped Makhleb.
Makhleb was noncommittal.
You were not hungry.

You visited 2 branches of the dungeon, and saw 5 of its levels.

You collected 171 gold pieces.

Inventory:

Hand Weapons
 a - a +0 dagger
   (You found it on level 1 of the Dungeon)
 d - a +0 dagger
   (You found it on level 1 of the Dungeon)
 g - a +2 short sword of freezing
   (You took it off a kobold on level 2 of the Dungeon)
Armour
 b - a +0 hat (worn)
 r - a +0 chain mail (worn)
   (You found it on level 3 of the Dungeon)
 t - a +0 shield
   (You took it off a goblin on level 3 of the Dungeon)
Scrolls
 f - a scroll of blinking {unknown}
 h - a scroll of enchant weapon {unknown}
 j - a scroll of immolation {unknown}
 l - a scroll of enchant armour {unknown}
 m - a scroll of recharging {unknown}
 n - 2 scrolls of remove curse {unknown}
 q - 2 scrolls of teleportation {unknown}
 s - a scroll of amnesia {unknown}
Potions
 e - 3 potions of might {unknown}
 k - a potion of lignification {unknown}
 o - 3 potions of curing {unknown}
 p - 2 potions of brilliance {unknown}
Books
 c - a book of Minor Magic
Comestibles
 i - 3 chunks of flesh


   Skills:
 + Level 4.2 Fighting
 - Level 1.7 Dodging
 - Level 2.1 Stealth
 + Level 3.7 Unarmed Combat
 - Level 2.6 Spellcasting
 - Level 0.7 Conjurations
   Level 0.8 Summonings
   Level 0.8 Translocations


You had 8 spell levels left.
You knew the following spells:

 Your Spells              Type           Power        Failure   Level  Hunger
a - Magic Dart            Conj           #...         100%        1    #......


Dungeon Overview and Level Annotations

Branches:
Dungeon (4/15)             Temple (1/1) D:4

Altars:
Ashenzari
Cheibriados
Dithmenos
Elyvilon
Fedhas
Gozag
Hepliaklqana
Kikubaaqudgha
Makhleb
Nemelex Xobeh
Okawaru
Qazlal
Ru
Sif Muna
Trog
Uskayaw
Vehumet
Xom
Yredelemnul
Zin


Innate Abilities, Weirdness & Mutations

Your body is rotting away.
You thrive on raw meat.
You are immune to poison.
You have sharp fingernails.
You are carnivorous and can eat meat at any time.
Your flesh is cold resistant. (rC+)
You are immune to negative energy. (rN+++)
You do not regenerate when monsters are visible.
You are immune to unholy pain and torment.
You can survive without breathing.


Message History

You scratch the hound but do no damage. The hound barely misses you.
You scratch the hound.
The hound bites you but does no damage. x2
You scratch the hound. The hound barely misses you.
Your chain mail prevents you from hitting the hound.
The hound completely misses you. The hound bites you but does no damage.
You completely miss the hound. The hound bites you but does no damage.
You barely miss the hound. The hound bites you.
You claw the hound!
You kill the hound!
Makhleb accepts your kill.
You scratch the adder. The adder bites you.
You barely miss the adder. The adder bites you. x2
Your chain mail prevents you from hitting the adder.
The adder bites you but does no damage.
You barely miss the adder. The adder bites you but does no damage.
You scratch the adder.
The adder bites you but does no damage. x2
You closely miss the adder. The adder barely misses you.
You claw the adder!
You kill the adder!
Makhleb accepts your kill.
No target in view!
No target in view!
No target in view!
No target in view!
No target in view!
No target in view!
No target in view!
No target in view!
You butcher the hound corpse.
i - 5 chunks of flesh (gained 3)
You see here a hound skeleton. x2
Found an escape hatch in the floor.
Eating one of 5 chunks of flesh.
You eat one of the 5 chunks of flesh.
This raw flesh tastes great!
Eating one of 4 chunks of flesh.
You eat one of the 4 chunks of flesh.
This raw flesh tastes great!
You now have 171 gold pieces (gained 20).
You see here a leather armour.
An orc comes into view. It is wielding a flail.
The orc shouts!
An orc is nearby!
An orc and an orc wizard come into view.
The orc wizard shouts!
The orc shouts!
The orc wizard mumbles some strange words.
The orc wizard seems to speed up.
The orc hits you with a flail.
You barely miss the orc. The orc hits you with a flail.
Your chain mail prevents you from hitting the orc.
You closely miss the orc wizard.
The orc wizard hits you but does no damage.
You barely miss the orc wizard. You closely miss the orc wizard.
The orc wizard hits you but does no damage.
The orc hits you but does no damage.
The orc wizard hits you but does no damage.
You closely miss the orc wizard. The orc hits you but does no damage. x2
The orc wizard hits you but does no damage.
You closely miss the orc wizard. The orc wizard hits you with a dagger.
The orc barely misses you. The orc hits you with a flail.
You are too injured to fight recklessly!
You scratch the orc wizard.
The orc wizard mumbles some strange words.
The orc wizard blinks!
The orc barely misses you.
You closely miss the orc.
The orc wizard hits you but does no damage.
The orc hits you with a falchion.
You closely miss the orc.
The orc wizard hits you but does no damage.
The orc barely misses you. The orc hits you with a falchion.
The orc wizard hits you but does no damage.
You scratch the orc wizard but do no damage.
The orc hits you but does no damage.
The orc wizard casts a spell.
The orc wizard blinks!
The orc hits you but does no damage. The orc barely misses you.
The orc hits you with a falchion.
You claw the orc!
You kill the orc!
Makhleb accepts your kill.
The orc wizard points at you and mumbles some strange words.
The magic dart hits you! The orc hits you with a falchion.
You see here a flail.
The orc hits you but does no damage.
You scratch the orc wizard. The orc wizard barely misses you.
The orc hits you but does no damage.
The orc wizard points at you and mumbles some strange words.
The magic dart hits you!
* * * LOW HITPOINT WARNING * * *
An orc comes into view.
You closely miss the orc wizard. The orc hits you with a falchion.
* * * LOW HITPOINT WARNING * * *
The orc wizard hits you but does no damage.
You completely miss the orc wizard.
The orc wizard hits you but does no damage.
The orc barely misses you. The orc wizard barely misses you.
The orc wizard points at you and mumbles some strange words.
The magic dart hits you!
* * * LOW HITPOINT WARNING * * *
You claw the orc wizard! The orc wizard casts a spell at you.
The magic dart hits you!
You die...

##### #######
##...####.......
#[.............. ..
#.......)......# .#
###.....##o##########.#####
#..........o@..)...........
#.....####.#..............
#.....## #.o.##8>8##...###
#.....#PP#.####........#
#.....#.≈#.# #.#.#..###
#.....#.≈#.# ##.#.#..#
###....##≈.#.###..#.#..#
##.....###..#.....##.#..#
##.#....# #..#.###....#..#


You could see an orc wizard and 2 orcs.

Vanquished Creatures
  2 hounds
  5 adders
  An ooze (D:2)
  4 worms
  3 dart slugs (D:1)
  A leopard gecko (D:2)
  2 orcs
  7 bats
  6 giant cockroaches
  15 goblins
  7 hobgoblins
  4 jackals
  9 kobolds
  A quokka (D:2)
  7 rats
74 creatures vanquished.

Notes
Turn   | Place    | Note
-------+----------+-------------------------------------------
     0 | D:1      | RKaid the Ghoul Wizard began the quest for the Orb.
     0 | D:1      | Reached XP level 1. HP: 14/14 MP: 3/3
   208 | D:1      | Reached skill level 1 in Fighting
   221 | D:1      | Reached skill level 1 in Unarmed Combat
   221 | D:1      | Reached XP level 2. HP: 22/22 MP: 4/4
   732 | D:1      | Reached XP level 3. HP: 23/29 MP: 6/6
   738 | D:1      | Reached skill level 2 in Fighting
  1345 | D:2      | Reached skill level 2 in Unarmed Combat
  1427 | D:2      | Reached XP level 4. HP: 20/37 MP: 7/7
  1521 | D:2      | Found a blossoming altar of Fedhas.
  1565 | D:2      | Found a hazy altar of Hepliaklqana.
  1619 | D:2      | Reached skill level 3 in Fighting
  2119 | D:3      | Found a deep blue altar of Sif Muna.
  2486 | D:3      | Reached skill level 3 in Unarmed Combat
  2486 | D:3      | Reached XP level 5. HP: 29/46 MP: 8/8
  2937 | D:4      | Found a staircase to the Ecumenical Temple.
  2951 | Temple   | Entered the Ecumenical Temple
  3111 | Temple   | Became a worshipper of Makhleb the Destroyer
  3161 | D:4      | Reached skill level 4 in Fighting
  3245 | D:4      | HP: 9/46 [orc wizard/magic dart (9)]
  3249 | D:4      | HP: 4/46 [orc wizard/magic dart (4)]
  3250 | D:4      | Killed from afar by an orc wizard

Skill      XL: |  1  2  3  4  5 |
---------------+----------------+-----
Fighting       | 1 2 3 4 |  4.2
Unarmed Combat | 1 2 3 |  3.7
Dodging        | |  1.7
Stealth        | |  2.1
Spellcasting   | |  2.6
Conjurations   | |  0.7
Summonings     | |  0.8
Translocations | |  0.8

Action                   |  1- 3 |  4- 6 || total
-------------------------+-------+-------++-------
Melee: Unarmed           |   181 |   196 ||   377
 Cast: Magic Dart        |     6 |       ||     6
  Eat: Chunk             |    10 |    13 ||    23
Armor: Ring mail         |    82 |    23 ||   105
       Robe              |     1 |       ||     1
       Chain mail        |       |    58 ||    58
Dodge: Dodged            |    95 |    69 ||   164

Table legend:
 A = Turns spent in this place as a percentage of turns spent in the entire game.
 B = Non-inter-level travel turns spent in this place as a percentage of non-inter-level travel turns spent in the entire game.
 C = Inter-level travel turns spent in this place as a percentage of turns spent in this place.
 D = Turns resting spent in this place as a percentage of non-inter-level travel turns spent in this place.
 E = Turns spent auto-exploring this place as a percentage of non-inter-level travel turns spent in this place.
 F = Non-inter-level travel turns spent in this place divided by the number of levels of this place that you've seen.
                   A       B       C       D       E      F
               +-------+-------+-------+-------+-------+----------------------
         Total | 100.0 | 100.0 |   0.5 |   2.8 |  10.0 | 194.6
       Dungeon |  95.7 |  95.9 |   0.3 |   2.9 |   8.8 | 233.2
        Temple |   4.3 |   4.1 |   4.8 |   0.0 |  37.5 |  40.0
               +-------+-------+-------+-------+-------+----------------------

Table legend:
 A = Kills in this place as a percentage of kills in entire the game.
 B = Kills by you in this place as a percentage of kills by you in the entire game.
 C = Kills by friends in this place as a percentage of kills by friends in the entire game.
 D = Other kills in this place as a percentage of other kills in the entire game.
 E = Experience gained in this place as a percentage of experience gained in the entire game.
 F = Experience gained in this place divided by the number of levels of this place that you have seen.
                   A       B       C       D       E      F
               +-------+-------+-------+-------+-------+----------------------
         Total | 100.0 | 100.0 |  -nan |  -nan | 100.0 |  58.4
       Dungeon | 100.0 | 100.0 |  -nan |  -nan | 100.0 |  73.0
               +-------+-------+-------+-------+-------+----------------------
